 Dungeon Crawl Stone Soup version 0.18.1-8-gdd0e5ea (webtiles) character file.

452 georgeearnest the Poker (level 6, -5/51 HPs)
             Began as a Centaur Gladiator on May 21, 2016.
             Was a Follower of Zin.
             Killed by divine providence
             ... invoked by an orc priest
              (11 damage)
             ... on level 5 of the Dungeon.
             The game lasted 00:13:39 (4588 turns).

georgeearnest the Poker (Centaur Gladiator)         Turns: 4588, Time: 00:13:40

Health: -5/51      AC: 11    Str: 20    XL:     6   Next: 75%
Magic:  6/6        EV:  9    Int:  7    God:    Zin [*.....]
Gold:   87         SH:  0    Dex:  9    Spells: 0 memorised, 5 levels left

rFire  . . .     SeeInvis .     a - +0 trident
rCold  . . .     Gourm    .     f - +0 ring mail
rNeg   . . .     Faith    .     (no shield)
rPois  .         Spirit   .     c - +0 helmet
rElec  .         Dismiss  .     e - +2 cloak
rCorr  .         Reflect  .     y - +0 pair of gloves
SustAt .         Harm     .     (no barding)
MR     .....     Rnd*Tele +     (no amulet)
Stlth  ..........               n - ring of wizardry
                                h - ring of teleportation (curse)

@: very quick, not resistant to hostile enchantments, extremely unstealthy
A: hooves 3, deformed body, speed 2, tough skin 3
a: Recite, Donate Gold, Renounce Religion


You were on level 5 of the Dungeon.
You worshipped Zin.
Zin was aware of your devotion.
You were hungry.

You visited 1 branch of the dungeon, and saw 5 of its levels.
You also visited: Sewer.

You collected 169 gold pieces.
You donated 82 gold pieces to Zin.

Inventory:

Hand Weapons
 a - a +0 trident (weapon)
 o - a +4 hand axe of freezing
Missiles
 d - 3 throwing nets (quivered)
Armour
 b - a +0 leather armour
 c - a +0 helmet (worn)
 e - a +2 cloak (worn)
 f - a +0 ring mail (worn)
 y - a +0 pair of gloves (worn)
Jewellery
 h - a cursed ring of teleportation (left hand)
 n - a ring of wizardry (right hand)
Scrolls
 i - 3 scrolls of teleportation
 k - 2 scrolls of remove curse
 l - a scroll of magic mapping
 w - a scroll of identify
 x - a scroll of blinking
Potions
 g - 2 potions of curing
 j - 2 potions of flight
 m - a potion of agility
 p - a potion of might
 q - a potion of haste {unknown}
 s - a potion of invisibility {unknown}
 v - a potion of degeneration {unknown}
Comestibles
 r - 3 fruits
 t - a meat ration
 u - a slice of pizza


   Skills:
 + Level 3.6 Fighting
 + Level 3.9 Polearms
 + Level 2.4 Throwing
 + Level 2.0 Armour
 + Level 3.9 Dodging
 + Level 0.3 Stealth


You had 5 spell levels left.
You didn't know any spells.

Dungeon Overview and Level Annotations

Branches:
Dungeon (5/15)
 Temple: D:4-7

Altars:
Ashenzari
Kikubaaqudgha
Zin

Shops:
D:4 %

Annotations:
D:4 zkyp's ghost, amateur DEGl


Innate Abilities, Weirdness & Mutations

You have hooves in place of feet.
Armour fits poorly on your strangely shaped body.
You cover ground very quickly.
You have extremely tough skin (AC +3).


Message History

You hit the orc priest.
You kill the orc priest!
Your Armour skill increases to level 2!
You start resting.
You are suddenly yanked towards a nearby monster!
Your surroundings suddenly seem different.
Found 17 poisoned needles.
An ogre comes into view. It is wielding a giant club.
An ogre is nearby!
An orc priest comes into view. It is wielding a flail.
The orc priest calls down the wrath of Beogh upon you.
Beogh smites you!
The orc priest hits you but does no damage.
Found a stone staircase leading up.
The orc priest invokes the aid of Beogh against you.
Beogh smites you!
* * * LOW HITPOINT WARNING * * *
The orc priest calls down the wrath of Beogh upon you.
Beogh smites you!
You die...

#.#.# #.##
#.#.# #<.#
#.#.##.#..#
#..O(..#..#
###o####..#
#...# #..#
#.######..#
#.Oo......#
#########@#
#.......#
#########


You could see an ogre and an orc priest.

Vanquished Creatures
  A big kobold (Sewer)
  A scorpion (D:5)
  A giant frog zombie (D:5)
  2 orc priests
  A worker ant (D:3)
  An orc wizard (D:4)
  5 gnolls (D:3)
  A river rat (Sewer)
  4 adders
  An ooze (D:3)
  An adder skeleton (D:4)
  5 worms
  2 giant geckos
  7 orcs
  A ball python (D:1)
  5 giant cockroaches
  5 goblins
  5 hobgoblins
  2 jackals (Sewer)
  10 bats
  3 giant newts
  11 kobolds
  11 rats
86 creatures vanquished.

Notes
Turn   | Place    | Note
--------------------------------------------------------------
     0 | D:1      | georgeearnest the Centaur Gladiator began the quest for the Orb.
     0 | D:1      | Reached XP level 1. HP: 17/17 MP: 1/1
   196 | D:1      | Found a shattered altar of Ashenzari.
   319 | D:1      | Reached XP level 2. HP: 24/24 MP: 2/2
  1127 | D:2      | Reached XP level 3. HP: 22/29 MP: 3/3
  2105 | D:2      | Found a glowing silver altar of Zin.
  2106 | D:2      | Noticed an angel
  2116 | D:2      | Became a worshipper of Zin the Law-Giver
  2116 | D:2      | Reached * piety under Zin
  2117 | D:2      | Donated 66 gold pieces to Zin
  2196 | D:3      | Reached XP level 4. HP: 35/37 MP: 4/4
  2412 | D:3      | Reached skill level 1 in Armour
  2498 | D:3      | Reached XP level 5. HP: 37/42 MP: 5/5
  2505 | D:3      | Found an ancient bone altar of Kikubaaqudgha.
  3012 | D:4      | Found a glowing drain.
  3089 | Sewer    | Entered a sewer
  3292 | Sewer    | Reached XP level 6. HP: 22/51 MP: 6/6
  3464 | Sewer    | Found a glowing silver altar of Zin.
  3708 | D:4      | HP: 2/51 [orc priest/divine providence (8)]
  3850 | D:4      | Noticed zkyp's ghost (amateur DEGl)
  4336 | D:4      | Found Rogioguj's Food Shoppe.
  4388 | D:5      | Entered Level 5 of the Dungeon
  4588 | D:5      | Killed from afar by an orc priest

Skill      XL: |  1  2  3  4  5  6 |
---------------+-------------------+-----
Polearms       | 3 |  3.9
Dodging        | 3 |  3.9
Armour         | 1 2 |  2.0
Fighting       | 3 |  3.6
Throwing       | |  2.4
Stealth        | |  0.3

Action                   |  1- 3 |  4- 6 || total
-------------------------+-------+-------++-------
Melee: Trident           |   151 |   161 ||   312
       Kick              |    21 |    30 ||    51
Throw: Throwing net      |     1 |     2 ||     3
Invok: Donate Gold       |     1 |       ||     1
  Use: Potion            |       |     7 ||     7
       Scroll            |       |     6 ||     6
  Eat: Bread ration      |     1 |     1 ||     2
Armor: Leather armour    |    76 |       ||    76
       Ring mail         |     4 |    73 ||    77
Dodge: Dodged            |   111 |    74 ||   185
